 Dungeon Crawl Stone Soup version 0.18.1-51-gd549091e01 (webtiles) character file.

3661 Ge0ff the Ogre Mage (level 10, -7/91 HPs)
             Began as an Ogre Enchanter on Apr 6, 2023.
             Was a Follower of Sif Muna.
             Mangled by an orc warrior
             ... wielding a +0 war axe
              (19 damage)
             ... in a bailey.
             The game lasted 00:40:17 (12351 turns).

Ge0ff the Ogre Mage (Ogre Enchanter)               Turns: 12351, Time: 00:40:18

Health: -7/91      AC:  7    Str: 17    XL:     10   Next: 12%
Magic:  3/19       EV: 10    Int: 17    God:    Sif Muna [*.....]
Gold:   243        SH:  0    Dex: 10    Spells: 4 memorised, 10 levels left

rFire  . . .     SeeInvis .     a - +2 dagger
rCold  + . .     Gourm    .     V - +1 robe
rNeg   + . .     Faith    .     (no shield)
rPois  +         Spirit   .     (helmet restricted)
rElec  .         Dismiss  +     T - +2 cloak of Dim Light {rN+}
rCorr  .         Reflect  .     (gloves unavailable)
SustAt .         Harm     .     (boots unavailable)
MR     +....                    D - amulet of dismissal
Stlth  ++........               (no ring)
                                A - ring of protection from cold

@: flying, very slightly contaminated, invisible, somewhat resistant to hostile
enchantments, unstealthy
A: unfitting armour, horns 1, poison resistance, strong 1, tough skin 1
a: Channel Energy, Renounce Religion


You were in a bailey.
You worshipped Sif Muna.
Sif Muna was aware of your devotion.
You were hungry.

You visited 2 branches of the dungeon, and saw 12 of its levels.
You also visited: Sewer and Bailey.

You collected 243 gold pieces.

Inventory:

Hand Weapons
 a - a +2 dagger (weapon)
 b - a +2 short sword of protection
 z - a +2 quarterstaff of chaos
 E - a +0 rapier
 F - a +3 short sword
 J - a +0 blowgun
Missiles
 u - 42 poisoned needles
 v - 5 needles of sleeping
Armour
 T - the +2 cloak of Dim Light (worn) {rN+}
   (You found it on level 4 of the Dungeon)

   It protects you from negative energy.
 V - a +1 robe (worn)
Jewellery
 A - a ring of protection from cold (left hand)
 D - an amulet of dismissal (around neck)
 Q - an uncursed ring of flight
Wands
 j - a wand of acid (0/15)
 B - a wand of polymorph (9/24)
 G - a wand of teleportation (2/9)
 U - a wand of lightning (2/15)
Scrolls
 m - a scroll of magic mapping
 w - 3 scrolls of enchant armour
 y - 2 scrolls of immolation {!r}
 C - 4 scrolls of remove curse
Potions
 q - 4 potions of curing
 x - a potion of mutation {!q}
 I - a potion of invisibility
 K - a potion of magic {!q}
 L - 2 potions of agility {unknown}
 O - a potion of brilliance {unknown}
 P - 4 potions of haste {!q}
 R - a potion of lignification {unknown}
 S - a potion of heal wounds {unknown}
 W - 4 potions of might {unknown}
 X - 4 potions of flight
 Z - a potion of berserk rage {!q}
Books
 c - a book of Maledictions

   Spells                             Type                      Level
   a - Corona                         Hexes                        1
   b - Ensorcelled Hibernation        Hexes/Ice                    2
   c - Confuse                        Hexes                        3
   d - Tukima's Dance                 Hexes                        3
   e - Dazzling Spray                 Conjuration/Hexes            3
Comestibles
 r - 4 bread rations
 t - a chunk of flesh
 H - 4 fruits
 M - 2 meat rations
 Y - a slice of pizza


   Skills:
 - Level 3.3 Fighting
 * Level 5.4 Short Blades
 - Level 1.7 Dodging
 - Level 4.0 Stealth
 + Level 6.4 Spellcasting
 + Level 1.6 Conjurations
 + Level 5.0 Hexes
 - Level 5.0 Ice Magic


You had 10 spell levels left.
You knew the following spells:

 Your Spells              Type           Power        Failure   Level  Hunger
j - Confuse               Hex            ###.....     6%          3    ##.....
k - Ensorcelled Hibernat  Hex/Ice        ###...       2%          2    None
m - Dazzling Spray        Conj/Hex       ###...       10%         3    ##.....
t - Tukima's Dance        Hex            ###.....     6%          3    ##.....


Dungeon Overview and Level Annotations

Branches:
Dungeon (11/15)            Temple (1/1) D:7             Orc (0/2) D:9
   Lair: D:8-11

Altars:
Ashenzari
Elyvilon
Fedhas
Gozag
Makhleb
Nemelex Xobeh
Okawaru
Pakellas
Ru
Sif Muna
Trog
Vehumet
Yredelemnul
The Shining One

Annotations:
D:3 OdinelGallardo's ghost, amateur DrTm
D:8 Erica; Prince Ribbit
D:10 Grum


Innate Abilities, Weirdness & Mutations

You are too large for most types of armour.
You have tough skin (AC +1).
You have a pair of small horns on your head.
Your system is resistant to poisons.
Your muscles are strong. (Str +2)


Message History

The tomahawk of returning closely misses you.
The weapon returns to the kobold!
A goblin comes into view. It is wielding a hand axe.
There is an open door here.
Items here: ( ))) [[[ †† Drink which item? (? for menu, Esc to quit)
You feel very buoyant.
You fly up into the air.
The kobold throws a tomahawk of returning.
The tomahawk of returning misses you.
The weapon returns to the kobold!
The kobold throws a tomahawk of returning.
The tomahawk of returning barely misses you.
The weapon returns to the kobold!
The kobold throws a tomahawk of returning.
The tomahawk of returning hits the orc warrior but does no damage.
The goblin hits you but does no damage.
The kobold throws a tomahawk of returning.
The tomahawk of returning hits the orc warrior but does no damage.
The weapon returns to the kobold!
The kobold throws a tomahawk of returning.
The tomahawk of returning hits you.
* * * LOW HITPOINT WARNING * * *
The kobold throws a tomahawk of returning.
The tomahawk of returning hits you.
* * * LOW HITPOINT WARNING * * *
The weapon returns to the kobold!
The kobold throws a tomahawk of returning.
The tomahawk of returning hits the goblin but does no damage.
The weapon returns to the kobold!
The orc knight roars a battlecry!
The orc warrior goes into a battle-frenzy!
The orc knight closely misses you.
An orc comes into view. It is wielding a hand axe.
A goblin comes into view. It is wielding a hand axe.
The sentinel's mark upon you fades away.
The kobold throws a tomahawk of returning.
The tomahawk of returning misses you.
The weapon returns to the kobold!
The kobold throws a tomahawk of returning.
The weapon returns to the kobold!
The kobold throws a tomahawk of returning.
The tomahawk of returning hits the goblin but does no damage.
The weapon returns to the kobold!
The kobold barely misses you.
The kobold throws a tomahawk of returning.
The tomahawk of returning hits the goblin but does no damage.
The weapon returns to the kobold!
You catch the helpless kobold completely off-guard!
You puncture the kobold!
You kill the kobold!
The orc warrior hits you with a war axe!!
You die... #≈g≈## K≈.≈K #≈o≈## K≈g≈K ##≈g≈###'# K≈g≈KK.

#+###≈o≈###+#
#...(@.≈K...#
######g######
▓.o.▓ ▓^.^▓
▓.∩.▓ ▓▓▓▓▓
▓)▓ ▓▓▓


You could see an orc knight, an orc warrior, a gnoll, an orc (wandering), 4
goblins and 8 kobolds.

Vanquished Creatures
  A hill giant (D:11)
  An orc knight (Bailey)
  A hungry ghost (D:7)
  3 sky beasts
  6 ogres
  3 centaurs (D:5)
  2 big kobolds
  4 giant frogs
  A gnoll sergeant (D:5)
  3 scorpions
  A howler monkey (D:6)
  4 crimson imps
  A jelly (D:5)
  A giant frog zombie (D:7)
  4 hounds (D:4)
  A quasit (D:5)
  Crazy Yiuf (D:7)
  2 giant frog skeletons (D:5)
  Ijyb (D:2)
  5 orc wizards
  An iguana (D:6)
  A killer bee zombie (D:5)
  6 worker ants
  A hound skeleton (D:5)
  8 gnolls
  11 adders
  3 river rats (Sewer)
  A shadow imp (D:7)
  2 oozes
  2 adder skeletons (D:6)
  2 adder zombies
  4 worms
  2 dart slugs (D:1)
  8 giant geckos
  11 orcs
  7 giant cockroaches
  10 goblins
  9 hobgoblins
  6 jackals
  2 quokkas
  3 ball pythons (D:2)
  8 bats
  A giant gecko skeleton (D:5)
  6 giant newts
  18 kobolds
  10 rats
189 creatures vanquished.

Vanquished Creatures (others)
  2 plants (D:8)
2 creatures vanquished.

Grand Total: 191 creatures vanquished

Notes
Turn   | Place    | Note
--------------------------------------------------------------
     0 | D:1      | Ge0ff the Ogre Enchanter began the quest for the Orb.
     0 | D:1      | Reached XP level 1. HP: 16/16 MP: 3/3
    21 | D:1      | Reached skill level 1 in Fighting
    48 | D:1      | Reached skill level 1 in Short Blades
    94 | D:1      | Reached XP level 2. HP: 24/27 MP: 5/5
   599 | D:1      | Reached XP level 3. HP: 31/33 MP: 6/6
  1163 | D:2      | Noticed Ijyb
  1169 | D:2      | Learned a level 3 spell: Confuse
  1560 | D:2      | Found an iron altar of Okawaru.
  1845 | D:2      | Reached XP level 4. HP: 41/41 MP: 6/8
  2255 | D:2      | Found a sparkling altar of Nemelex Xobeh.
  2504 | D:3      | Noticed OdinelGallardo's ghost (amateur DrTm)
  2634 | D:3      | Reached skill level 3 in Spellcasting
  3449 | D:3      | Reached XP level 5. HP: 31/48 MP: 4/9
  4144 | D:2      | Killed Ijyb
  4426 | D:4      | Got a crude cloak
  4432 | D:4      | Identified the +2 cloak of Dim Light {rN+} (You found it on level 4 of the Dungeon)
  4532 | D:4      | Reached XP level 6. HP: 57/57 MP: 8/11
  4539 | D:4      | Learned a level 2 spell: Ensorcelled Hibernation
  4725 | D:4      | Found an opulent altar of Gozag.
  4859 | D:4      | Reached skill level 1 in Ice Magic
  4980 | D:4      | Reached skill level 4 in Spellcasting
  5146 | D:5      | Entered Level 5 of the Dungeon
  5212 | D:5      | Reached XP level 7. HP: 15/65 MP: 0/13
  5527 | D:5      | Found a glowing drain.
  5589 | Sewer    | Entered a sewer
  5909 | Sewer    | Found a white marble altar of Elyvilon.
  6651 | D:5      | Reached XP level 8. HP: 38/72 MP: 4/14
  8966 | D:5      | Reached skill level 5 in Spellcasting
  8966 | D:5      | Reached XP level 9. HP: 78/79 MP: 7/16
 10560 | D:7      | Found a staircase to the Ecumenical Temple.
 10603 | D:7      | Reached skill level 5 in Ice Magic
 10750 | Temple   | Entered the Ecumenical Temple
 10773 | Temple   | Became a worshipper of Sif Muna the Loreminder
 11326 | D:7      | Learned a level 3 spell: Tukima's Dance
 11385 | D:7      | Learned a level 3 spell: Dazzling Spray
 11458 | D:7      | Noticed Crazy Yiuf
 11464 | D:7      | Killed Crazy Yiuf
 11524 | D:8      | Noticed Erica
 11524 | D:8      | Noticed Prince Ribbit
 11555 | D:8      | You fall through a shaft for 3 floors!
 11555 | D:11     | Noticed a hill giant
 11581 | D:11     | Noticed a kobold demonologist
 11589 | D:11     | Noticed an orange demon
 11589 | D:11     | Killed a hill giant
 11589 | D:11     | Reached skill level 5 in Short Blades
 11589 | D:11     | Reached skill level 6 in Spellcasting
 11597 | D:11     | Noticed a hellwing
 11603 | D:11     | Noticed a six-headed hydra
 11606 | D:11     | Noticed a hill giant
 11616 | D:10     | Entered Level 10 of the Dungeon
 11669 | D:10     | Noticed a death knight
 11708 | D:9      | Reached skill level 1 in Conjurations
 11711 | D:9      | Gained mutation: Your system is resistant to poisons. [potion of mutation]
 11711 | D:9      | Gained mutation: Your muscles are strong. (Str +2) [potion of mutation]
 11711 | D:9      | Gained mutation: You have a pair of small horns on your head. [potion of mutation]
 12193 | D:10     | Noticed Grum
 12302 | D:10     | Found a flagged portal.
 12312 | Bailey   | Entered a bailey
 12334 | Bailey   | Noticed an orc knight
 12336 | Bailey   | Noticed an orc knight
 12342 | Bailey   | Killed an orc knight
 12342 | Bailey   | Reached * piety under Sif Muna
 12342 | Bailey   | Reached skill level 5 in Hexes
 12342 | Bailey   | Reached XP level 10. HP: 84/91 MP: 11/19
 12351 | Bailey   | Mangled by an orc warrior

Skill      XL: |  1  2  3  4  5  6  7  8  9 |
---------------+----------------------------+-----
Fighting       | 1 2 3 |  3.3
Short Blades   | 1 2 3 4 5 |  5.4
Spellcasting   | 3 4 5 6 |  6.4
Hexes          | 3 5 |  5.0
Ice Magic      | 2 3 4 5 |  5.0
Stealth        | 3 4 |  4.0
Conjurations   | 1 |  1.6
Dodging        | |  1.7

Action                   |  1- 3 |  4- 6 |  7- 9 | 10-12 || total
-------------------------+-------+-------+-------+-------++-------
Melee: Dagger            |   163 |   238 |   412 |     2 ||   815
       Short sword       |       |       |   127 |       ||   127
       Headbutt          |       |       |     1 |       ||     1
 Cast: Corona            |    16 |    20 |     2 |       ||    38
       Confuse           |       |    24 |    31 |     3 ||    58
       Ensorcelled Hiber |       |    16 |   127 |       ||   143
       Tukima's Dance    |       |       |     2 |       ||     2
Evoke: Wand              |       |       |     9 |       ||     9
  Use: Scroll            |     5 |     5 |    14 |       ||    24
       Potion            |       |     1 |     1 |     2 ||     4
 Stab: Sleeping          |     3 |     9 |    71 |       ||    83
       Confused          |       |     9 |    12 |       ||    21
       Invisible         |       |       |       |     1 ||     1
  Eat: Chunk             |     3 |    11 |    26 |       ||    40
       Bread ration      |       |     1 |       |       ||     1
       Fruit             |       |       |     2 |       ||     2
       Beef jerky        |       |       |     1 |       ||     1
Armor: Robe              |    46 |    55 |   211 |     3 ||   315
Dodge: Dodged            |    69 |   100 |   230 |    11 ||   410

Vault maps used:
D:1:      sevenhm_arrival_forest_fort_large_3, fountainhead,
          minmay_misc_feat_alley
D:2:      nemelex_xobeh_ov_fountains_minmay, lemuel_coloured_pillars_altar,
          first_bread, minmay_curled_crystal, uniq_iyjb
D:4:      nicolae_gozag_cash_rules_everything_around_me
D:5:      gup_sewer_entry_bubbles, st_stairs_11
D:7:      minmay_temple_entry_statues_pillars, corexii_corridor_pit,
          uniq_crazy_yiuf_cottage
D:8:      minmay_lair_entry_grove, grunt_livestock, uniq_psyche, uniq_erolcha,
          uniq_erica, uniq_prince_ribbit1, uniq_joseph
D:9:      kennysheep_mini, orc_0_dummy
D:10:     enter_bailey_8, fountainhead, grunt_ministairs_9,
          kennysheep_kite_vault, uniq_grum
D:11:     special_room, portal_ice_cave_entry_pillars_02, elyvilon_altar_4
Temple:   nicolae_temple_elliptical
Sewer:    sewer_kobolds
Bailey:   bailey_axe_1, bailey
